Map: Site Delta LE

Players

Subwayeatn - Winner!

  • Race: Zerg Zerg
  • League: Platinum
  • Spawn Location: 5:00

Pneumatos

  • Race: Zerg Zerg
  • League: Platinum
  • Spawn Location: 11:00

VOD

Have the link to the VOD?

Description

Time

  • Played on: Nov. 11, 2023, 1:44 p.m.
  • Length: 3:50
Show
View Real Time Build Order
Export as new Build Order

Subwayeatn Zerg - Winner!

Build Orders: Pool First 

Get SALT Encoding   

  12  0:00  Drone  
  13  0:07  Drone  
  13  0:12  Extractor  
  13  0:27  Spawning Pool  
  12  0:56  Hatchery  
  11  1:15  Queen  
  13  1:29  Overlord  
  13  1:40  Metabolic Boost  
  13  1:44  Zergling x2  
  14  1:49  Zergling x2  
  14  1:50  Zergling x2  
  16  1:56  Zergling x2  
  17  2:06  Zergling x2  
  18  2:09  Zergling x2  
  19  2:18  Queen  
  21  2:27  Zergling x2  
  21  2:28  Zergling x2  
  23  2:39  Zergling x4  
  25  2:45  Zergling x2  
  25  2:46  Zergling x2  
  27  2:51  Zergling x2  
  28  3:00  Overlord  
  28  3:23  Zergling x6  
  28  3:24  Zergling x4  
Show
View Real Time Build Order
Export as new Build Order

Pneumatos Zerg 

Build Orders: Hatch First 

Get SALT Encoding   

  12  0:01  Drone  
  13  0:08  Drone  
  14  0:22  Overlord  
  14  0:41  Drone x2  
  16  0:53  Hatchery  
  16  0:56  Drone  
  16  1:07  Drone x2  
  18  1:23  Extractor  
  17  1:26  Drone x2, Spawning Pool  
  18  1:35  Drone  
  19  1:46  Drone  
  20  1:57  Drone  
  21  2:05  Overlord  
  21  2:08  Drone  
  22  2:18  Drone  
  22  2:19  Drone  
  22  2:20  Queen  
  22  2:21  Queen  
  28  2:24  Metabolic Boost  
  28  2:39  Drone x2  
  30  2:44  Zergling x4  
  30  2:50  Zergling x2  
  33  2:52  Zergling x2  
  34  3:01  Zergling x4  
  33  3:13  Zergling x4  
  35  3:23  Baneling Nest  
Tags
 
Add a new tag
Caveats
  • Supply blocks, unpowered buildings, or Contaminate may cause inaccurate times.
  • Supply counts are checked every 10 seconds.